 Dungeon Crawl Stone Soup version 0.22-a0-273-g3d7ae589ec (webtiles) character file.

6367 NooBeakApe the Fighter (level 10, -2/106 HPs)
             Began as an Ogre Transmuter on Mar 13, 2018.
             Was a High Priest of Elyvilon (penitent).
             Slain by a merfolk
             ... wielding a +0 spear
              (20 damage)
             ... on level 9 of the Dungeon.
             The game lasted 00:32:53 (11867 turns).

NooBeakApe the Fighter (Ogre Transmuter)           Turns: 11867, Time: 00:32:54

Health: -2/106     AC:  2    Str: 18    XL:     10   Next: 97%
Magic:  14/21      EV: 24    Int: 14    God:    Elyvilon [*]
Gold:   509        SH:  0    Dex: 17    Spells: 8/23 levels left

rFire    . . .     SeeInvis +     - Unarmed
rCold    . . .     Gourm    +   (shield currently unavailable)
rNeg     + . .     Faith    .   (armour currently unavailable)
rPois    x         Spirit   .   (helmet currently unavailable)
rElec    .         Reflect  .   (cloak currently unavailable)
rCorr    .         Harm     .   (gloves unavailable)
MR       +....                  (boots unavailable)
Stlth    ++........             L - amulet of the gourmand
HPRegen  0.27/turn              G - +2 ring of strength
MPRegen  0.17/turn              q - ring of positive energy

@: spider-form, very slightly contaminated
A: tiny, unfitting armour, see invisible
a: End Transformation, Renounce Religion


You were on level 9 of the Dungeon.
You worshipped Elyvilon.
Elyvilon was demanding penance.
You were not hungry.
You were a venomous arachnid creature.
You visited 1 branch of the dungeon, and saw 9 of its levels.
You also visited: Sewer.

You collected 509 gold pieces.

Inventory:

Hand Weapons
 r - a +0 shortbow (melded)
Missiles
 a - 128 arrows
 n - a throwing net (quivered)
Armour
 b - a cursed +0 robe (melded)
 g - a +2 cloak (melded)
Jewellery
 e - an uncursed ring of magical power
 q - a ring of positive energy (right front leg)
 F - an uncursed ring of ice
 G - a +2 ring of strength (left front leg)
 L - an amulet of the gourmand (around neck)
Wands
 s - a wand of flame (19)
 z - a wand of paralysis (19)
 E - a wand of enslavement (16)
Scrolls
 j - 7 scrolls of remove curse {unknown}
 l - a scroll of fear {unknown}
 o - 2 scrolls of amnesia {unknown}
 p - a scroll of magic mapping {unknown}
 v - 2 scrolls of enchant weapon {unknown}
 y - a scroll of teleportation
 B - a scroll of fog
 D - 3 scrolls of immolation {unknown}
 H - a scroll of random uselessness {unknown}
 I - a scroll of brand weapon {unknown}
 J - a scroll of acquirement {unknown}
 K - a scroll of blinking {unknown}
 N - a scroll of identify
Potions
 c - 10 potions of curing
 f - a potion of agility
 h - 3 potions of mutation
 i - a potion of degeneration {unknown}
 k - 4 potions of flight
 m - a potion of resistance
 t - 3 potions of berserk rage {unknown}
 u - a potion of haste {unknown}
 w - 7 potions of might
 x - 4 potions of brilliance
 A - 3 potions of heal wounds {unknown}
 C - 2 potions of lignification {unknown}
 M - a potion of cancellation {unknown}
Comestibles
 d - 14 rations


   Skills:
 * Level 8.4 Fighting
 * Level 3.4 Bows
 - Level 1.0 Armour
 * Level 6.1 Dodging
 * Level 6.4 Unarmed Combat
 * Level 7.3 Spellcasting
 * Level 6.1 Transmutations
 - Level 1.0 Ice Magic
 - Level 1.0 Poison Magic
 * Level 5.1 Invocations
 + Level 1.6 Evocations


You had 8 spell levels left.
You knew the following spells:

 Your Spells              Type           Power        Failure   Level  Hunger
a - Beastly Appendage     Tmut           ###...       5%          1    None
b - Sticks to Snakes      Tmut           ###.....     7%          2    None
c - Spider Form           Tmut/Pois      ###.......   24%         3    ##.....
d - Ice Form              Ice/Tmut       ###.....     52%         4    ####...
e - Blade Hands           Tmut           ###.......   52%         5    #####..


Dungeon Overview and Level Annotations

Branches:
Dungeon (9/15)             Temple (0/1) D:4
   Lair: D:8-11         Orc: D:9-12

Altars:
Cheibriados
Elyvilon
Gozag
Hepliaklqana
Kikubaaqudgha
Makhleb
Nemelex Xobeh
Sif Muna
Trog
Uskayaw
Vehumet
Wu Jian
Yredelemnul

Shops:
D:8 %


Innate Abilities, Weirdness & Mutations

You are too large for most types of armour.
((You have tough skin. (AC +1)))
You have supernaturally acute eyesight. (SInv)
((You are resistant to electric shocks. (rElec)))


Message History

Your cursed +0 robe melds into your body.
The merfolk hits you from afar with a spear!!
Unknown command.
The merfolk hits you with a spear!
You hit the merfolk.
The merfolk is poisoned.
The merfolk is lightly wounded.
The merfolk hits you with a spear!!
* * * LOW HITPOINT WARNING * * *
You bite the merfolk!
The merfolk is moderately wounded.
You bite the merfolk!
The merfolk looks as sick as possible!
The merfolk is heavily wounded.
The merfolk closely misses you.
You barely miss the merfolk.
The merfolk is heavily wounded.
The merfolk completely misses you.
You hit the merfolk but do no damage.
The merfolk looks as sick as possible!
The merfolk is severely wounded.
The merfolk hits you with a spear!!
You die...

# #..# #.#..##.#
####..# #.#####.#
#.....# #.# #.#
#.....# #.# #.#
#.....# #.# #.#
[.....############.#
)......##≈≈≈≈#...#.#
.##.##.##....'.#m#.#
.#...#.##%.#†###s#)#
.#...#.#########.#.#
.#...#...........#.#
.#._.#.###########)#
.#...#.# #.#
.#...#.## #.#
.#...#..# #.#
.#####..# #'#
........######
###.###


You could see a merfolk.

Vanquished Creatures
  A two-headed ogre (D:8)
  Pikel (D:9)
  An oklob plant (D:6)
  A troll (D:9)
  Grinder (D:3)
  A hippogriff (D:7)
  A water moccasin (D:8)
  3 orc warriors
  2 sky beasts
  An ice beast (D:6)
  3 slaves (D:9)
  A phantom (D:7)
  2 necrophages
  3 centaurs
  6 ogres
  2 big kobolds
  7 bullfrogs
  A wyvern skeleton (D:7)
  A scorpion (D:5)
  7 wights
  A troll zombie (D:9)
  3 vampire bats (D:4)
  A howler monkey (D:4)
  5 crimson imps
  A human zombie (D:9)
  2 hounds
  4 jellies
  Crazy Yiuf (D:3)
  6 orc priests
  Jessica (D:3)
  Natasha (twice) (D:4)
  2 orc wizards (D:9)
  2 iguanas
  3 worker ants
  A statue (D:9)
  2 killer bee zombies
  An ogre zombie (D:9)
  An ogre skeleton (D:9)
  A hound skeleton (D:6)
  A hound zombie (D:7)
  2 mummies (D:9)
  3 worker ant zombies
  2 howler monkey skeletons (D:4)
  4 gnolls
  14 adders
  6 river rats
  A shadow imp (D:7)
  An ooze (D:1)
  An adder skeleton (D:7)
  3 dart slugs
  3 leopard geckos
  28 orcs
  7 bats
  6 bat skeletons (D:4)
  A bat zombie (D:4)
  7 giant cockroaches
  9 goblins
  6 hobgoblins
  12 jackals
  6 quokkas
  9 ball pythons
  6 frilled lizards
  28 kobolds
  20 rats
  A spectral orc (D:8)
273 creatures vanquished.

Vanquished Creatures (collateral kills)
  Natasha (D:4)
  A river rat (Sewer)
  A giant cockroach (D:3)
  A rat (Sewer)
4 creatures vanquished.

Vanquished Creatures (others)
  A slave (D:9)
  A human skeleton (D:9)
  A gnoll (D:9)
3 creatures vanquished.

Grand Total: 280 creatures vanquished

Notes
Turn   | Place    | Note
-------+----------+-------------------------------------------
     0 | D:1      | NooBeakApe the Ogre Transmuter began the quest for the Orb.
     0 | D:1      | Reached XP level 1. HP: 19/19 MP: 3/3
   174 | D:1      | Reached XP level 2. HP: 22/28 MP: 3/5
   187 | D:1      | Learned a level 2 spell: Sticks to Snakes
   436 | D:1      | Reached skill level 2 in Fighting
   944 | D:1      | Reached XP level 3. HP: 19/35 MP: 1/7
  1088 | D:1      | Learned a level 3 spell: Spider Form
  1652 | D:2      | Reached XP level 4. HP: 39/44 MP: 4/8
  1862 | D:2      | Found an opulent altar of Gozag.
  1862 | D:2      | Found a burning altar of Makhleb.
  1863 | D:2      | Found an ornate altar of the Wu Jian Council.
  2007 | D:3      | Noticed Grinder
  2013 | D:3      | Paralysed by Grinder for 6 turns
  2346 | D:3      | Noticed Jessica
  2365 | D:3      | Killed Jessica
  2484 | D:3      | Reached XP level 5. HP: 26/52 MP: 5/9
  2784 | D:3      | Reached skill level 3 in Fighting
  2884 | D:3      | Paralysed by Grinder for 3 turns
  2891 | D:3      | Killed Grinder
  2891 | D:3      | Reached XP level 6. HP: 21/62 MP: 3/11
  3192 | D:3      | Gained mutation: You have supernaturally acute eyesight. (SInv) [potion of mutation]
  3192 | D:3      | Gained mutation: You are resistant to electric shocks. (rElec) [potion of mutation]
  3267 | D:3      | Found a runed door.
  3271 | D:3      | Noticed Crazy Yiuf
  3281 | D:3      | Killed Crazy Yiuf
  3343 | D:3      | Reached skill level 4 in Fighting
  3343 | D:3      | Reached XP level 7. HP: 25/70 MP: 13/13
  3563 | D:3      | Learned a level 4 spell: Ice Form
  3661 | D:3      | Found a faded altar of an unknown god.
  3694 | D:3      | Became a worshipper of Elyvilon the Healer
  3694 | D:3      | Reached * piety under Elyvilon
  4195 | D:4      | Found an ancient bone altar of Kikubaaqudgha.
  4310 | D:4      | Found a bloodstained altar of Trog.
  4339 | D:4      | Noticed Natasha
  4362 | D:4      | Killed Natasha
  4369 | D:4      | Reached skill level 5 in Fighting
  4525 | D:4      | Noticed Natasha
  4525 | D:4      | Found a staircase to the Ecumenical Temple.
  4538 | D:4      | Killed Natasha
  4539 | D:4      | Noticed Natasha
  4547 | D:4      | Killed Natasha
  4550 | D:4      | Reached XP level 8. HP: 71/80 MP: 12/15
  4721 | D:4      | Found a sparkling altar of Nemelex Xobeh.
  5098 | D:5      | Entered Level 5 of the Dungeon
  5114 | D:5      | Found a white marble altar of Elyvilon.
  5132 | D:5      | Reached skill level 5 in Spellcasting
  5230 | D:5      | Reached skill level 1 in Invocations
  5303 | D:5      | Reached ** piety under Elyvilon
  5357 | D:5      | Found a glowing drain.
  5361 | Sewer    | Entered a sewer
  5427 | Sewer    | Learned a level 5 spell: Blade Hands
  6021 | D:5      | Found a deep blue altar of Sif Muna.
  6549 | D:6      | Reached skill level 1 in Bows
  6568 | D:5      | Reached skill level 6 in Fighting
  6568 | D:5      | Reached skill level 5 in Unarmed Combat
  6568 | D:5      | Reached skill level 1 in Ice Magic
  6925 | D:6      | Reached XP level 9. HP: 48/89 MP: 17/17
  7207 | D:6      | Found a snail-covered altar of Cheibriados.
  7234 | D:6      | Reached skill level 1 in Poison Magic
  7361 | D:6      | Reached *** piety under Elyvilon
  7444 | D:6      | Found an ancient bone altar of Kikubaaqudgha.
  7444 | D:6      | Noticed an oklob plant
  7626 | D:6      | Killed an oklob plant
  7626 | D:6      | Reached skill level 5 in Transmutations
  7971 | D:7      | Reached skill level 5 in Dodging
  8034 | D:7      | Reached skill level 7 in Fighting
  8034 | D:7      | Reached skill level 1 in Armour
  8082 | D:7      | Reached **** piety under Elyvilon
  8416 | D:7      | Found a hide-covered altar of Uskayaw.
  8505 | D:7      | Reached XP level 10. HP: 77/102 MP: 19/19
  8819 | D:8      | Found Jeor's Food Shoppe.
  9442 | D:8      | Identified the +3 quarterstaff of Xeuss {crush, Stlth+} (You found it on level 8 of the Dungeon)
  9468 | D:8      | Found a hazy altar of Hepliaklqana.
  9606 | D:8      | Noticed a two-headed ogre
  9607 | D:8      | Reached ***** piety under Elyvilon
  9635 | D:8      | Killed a two-headed ogre
  9635 | D:8      | Reached skill level 1 in Evocations
  9794 | D:8      | Found a basalt altar of Yredelemnul.
 10503 | D:9      | Reached skill level 8 in Fighting
 11144 | D:9      | Noticed Pikel
 11167 | D:9      | Killed Pikel
 11168 | D:9      | Was placed under penance by Elyvilon
 11426 | D:9      | Reached skill level 5 in Invocations
 11483 | D:9      | Found a radiant altar of Vehumet.
 11668 | D:9      | Found a basalt altar of Yredelemnul.
 11867 | D:9      | Slain by a merfolk

Vault maps used:
D:1:      evilmike_arrival_hilbert_curve
D:2:      gammafunk_temple_overflow_claw, serial_bayou_crossing
D:3:      chequers_ecumenical_altar_island, first_ration, nrook_loot_triangle,
          uniq_crazy_yiuf_cottage, uniq_grinder, uniq_jessica
D:4:      kennysheep_vampire_church, marbit_many_paths, old_standard_altar,
          temple_pool_b, uniq_natasha
D:5:      lemuel_crystal_altar, lemuel_crystal_altar, gup_sewer_entry_bowl
D:6:      kennysheep_slug_shrine, lemuel_oklob_altar
D:7:      nicolae_overflow_crystal_walls
D:8:      yredelemnul_forgotten_temple_becter, kennysheep_mini, serial_shops,
          shop
D:9:      lemuel_ice_spiral_2, vehumet_statue, hangedman_fish_farm,
          lemuel_mausoleum_altar_yredelemnul, uniq_pikel
Sewer:    sewer_minmay_treatment

Skill      XL: |  1  2  3  4  5  6  7  8  9 10 |
---------------+-------------------------------+-----
Dodging        | 2 3 4 5 6 |  6.1
Transmutations | 2 3 4 5 6 |  6.1
Fighting       | 2 3 4 5 6 7 8 |  8.4
Unarmed Combat | 3 4 5 6 |  6.4
Spellcasting   | 3 4 5 6 7 |  7.3
Invocations    | 2 3 5 |  5.1
Bows           | 1 2 3 |  3.4
Ice Magic      | 1 |  1.0
Poison Magic   | 1 |  1.0
Armour         | 1 |  1.0
Evocations     | 1 |  1.6

Action                   |  1- 3 |  4- 6 |  7- 9 | 10-12 || total
-------------------------+-------+-------+-------+-------++-------
Melee: Unarmed           |    97 |   108 |   450 |   221 ||   876
       Kick              |    12 |     1 |       |       ||    13
       Headbutt          |     3 |     1 |       |       ||     4
       Quarterstaff      |       |     2 |    11 |       ||    13
       Punch             |       |       |     2 |     1 ||     3
 Fire: Shortbow          |       |       |    27 |    43 ||    70
 Cast: Beastly Appendage |    14 |     3 |       |       ||    17
       Sticks to Snakes  |     2 |       |     9 |       ||    11
       Spider Form       |     4 |    10 |    49 |    20 ||    83
       Ice Form          |       |       |     1 |     4 ||     5
       Blade Hands       |       |       |     1 |     3 ||     4
 Abil: End Transformatio |     1 |     3 |       |       ||     4
  Use: Scroll            |       |     5 |     7 |     2 ||    14
       Potion            |       |     2 |     3 |       ||     5
 Stab: Distracted        |       |       |     1 |     1 ||     2
       Sleeping          |       |       |     1 |     1 ||     2
       Invisible         |       |       |     1 |       ||     1
  Eat: Chunk             |     3 |     6 |    22 |    18 ||    49
Armor: Robe              |    35 |    32 |   110 |    10 ||   187
       Skin              |       |     3 |    18 |    13 ||    34
Dodge: Dodged            |    93 |    87 |   458 |   237 ||   875

Table legend:
 A = Spawn XP
 B = Non-spawn XP
 C = Spawn XP percentage of total XP
 D = Spawn monster count
 E = Non-spawn monster count
 F = Spawn count percentage of total count
 G = Total turns spent on level
                    A         B        C        D         E        F      G
               +---------+---------+-------+---------+---------+-------+---------
         Total |       0 |    9097 |   0.0 |       0 |     274 |   0.0 | 11867
               +---------+---------+-------+---------+---------+-------+---------
           D:1 |       0 |      34 |   0.0 |       0 |      16 |   0.0 |  1132
           D:2 |       0 |      58 |   0.0 |       0 |      12 |   0.0 |   901
           D:3 |       0 |     575 |   0.0 |       0 |      31 |   0.0 |  1843
           D:4 |       0 |     599 |   0.0 |       0 |      33 |   0.0 |  1222
           D:5 |       0 |     668 |   0.0 |       0 |      16 |   0.0 |  1185
           D:6 |       0 |    1379 |   0.0 |       0 |      17 |   0.0 |  1109
           D:7 |       0 |    1373 |   0.0 |       0 |      30 |   0.0 |   869
           D:8 |       0 |    2227 |   0.0 |       0 |      40 |   0.0 |  1663
           D:9 |       0 |    1951 |   0.0 |       0 |      31 |   0.0 |  1390
         Sewer |       0 |     233 |   0.0 |       0 |      48 |   0.0 |   553
               +---------+---------+-------+---------+---------+-------+---------
